 Dungeon Crawl Stone Soup version 0.25-a0-435-g4b9beb1024 (webtiles) character file.

Game seed: 11278822930504465405, levelgen mode: deterministic

3152 Anathary the Carver (level 9, -25/69 HPs)
             Began as a Demonspawn Gladiator on Jan 27, 2020.
             Killed from afar by Erica (28 damage)
             ... with a bolt of poison
             ... on level 8 of the Dungeon.
             The game lasted 00:27:54 (7183 turns).

Anathary the Carver (Demonspawn Gladiator)          Turns: 7183, Time: 00:27:56

Health: -25/69     AC:  4    Str: 17    XL:     9   Next: 62%
Magic:  9/9        EV: 19    Int:  9    God:
Gold:   324        SH:  0    Dex: 21    Spells: 8/8 levels left

rFire    + . .     SeeInvis .   a - +0 long sword
rCold    . . .     Gourm    .   (no shield)
rNeg     . . .     Faith    .   v - +1 leather armour {rF+}
rPois    .         Spirit   .   (helmet restricted)
rElec    .         Reflect  .   (no cloak)
rCorr    .         Harm     .   (no gloves)
MR       .....                  (no boots)
Stlth    +++.......             (no amulet)
HPRegen  0.21/turn              q - +5 ring of dexterity
MPRegen  0.11/turn              (no ring)

@: lethally poisoned (-25 -> -43)
A: horns 1, repulsion field 2, spiny 2
a: no special abilities


You were on level 8 of the Dungeon.
You were not hungry.

You visited 2 branches of the dungeon, and saw 9 of its levels.
You also visited: Sewer.

You collected 324 gold pieces.

Inventory:

Hand Weapons
 a - a +0 long sword (weapon)
Missiles
 d - 4 throwing nets (quivered)
Armour
 b - a +0 leather armour
 c - a +0 helmet
 v - a +1 leather armour of fire resistance (worn)
Jewellery
 q - a +5 ring of dexterity (left hand)
Wands
 t - a wand of paralysis (4)
 A - a wand of iceblast (15)
Scrolls
 e - 2 scrolls of enchant weapon {unknown}
 h - 6 scrolls of identify {unknown}
 i - 5 scrolls of teleportation {unknown}
 m - 5 scrolls of magic mapping {unknown}
 n - a scroll of fog {unknown}
 r - 6 scrolls of remove curse {unknown}
 u - a scroll of immolation {unknown}
 y - a scroll of blinking {unknown}
 z - 2 scrolls of fear {unknown}
 B - a scroll of random uselessness {unknown}
 C - a scroll of amnesia {unknown}
Potions
 g - 10 potions of curing {unknown}
 j - 4 potions of lignification {unknown}
 k - 4 potions of heal wounds {unknown}
 l - 2 potions of agility {unknown}
 o - 2 potions of flight {unknown}
 p - 2 potions of brilliance {unknown}
 s - 2 potions of degeneration {unknown}
 w - 2 potions of might {unknown}
 x - 2 potions of haste {unknown}
 D - a potion of ambrosia {unknown}
Comestibles
 f - 10 rations


   Skills:
 + Level 5.9 Fighting
 + Level 9.4 Long Blades
 - Level 1.7 Throwing
 + Level 5.9 Dodging
 + Level 4.5 Stealth


You had 8 spell levels left.
You didn't know any spells.
Your spell library contained the following spells:

 Spells                   Type           Power        Failure   Level  Hunger
 Magic Dart               Conj           #...         45%         1    ##.....
 Blink                    Tloc           N/A          58%         2    ###....
 Call Imp                 Summ           #.......     58%         2    ###....
 Slow                     Hex            #.......     58%         2    ###....
 Conjure Flame            Conj/Fire      #.......     83%         3    ####...
 Mephitic Cloud           Conj/Pois/Air  #.......     83%         3    ####...


Dungeon Overview and Level Annotations

Branches:
Dungeon (8/15)             Temple (1/1) D:7           Sewer (visited)
   Lair: D:8-11

Altars:
Ashenzari
Dithmenos
Elyvilon
Fedhas
Gozag
Hepliaklqana
Kikubaaqudgha
Makhleb
Nemelex Xobeh
Okawaru
Qazlal
Ru
Sif Muna
Trog
Uskayaw
Vehumet
Wu Jian
Xom
Yredelemnul
Zin

Shops:
D:7 !

Annotations:
D:4 2 runed translucent doors, anet's ghost, novice HaWz
D:8 Erica


Innate Abilities, Weirdness & Mutations

You have a pair of small horns on your head.
You are surrounded by a moderate repulsion field. (EV +3)
You are mostly covered in sharp spines.


Message History

You feel sick.
Erica hits you with a +3 scimitar of flaming!
* * * LOW HITPOINT WARNING * * *
Erica burns you.
* * * LOW HITPOINT WARNING * * *
You hit Erica. You headbutt Erica.
Erica is almost dead.
* * * LOW HITPOINT WARNING * * *
You feel sick.
Erica casts a spell.
Erica flickers and vanishes!
Deactivating autopickup; reactivate with Ctrl-A.
You miss something.
* * * LOW HITPOINT WARNING * * *
You feel sick.
You hear some strange, mumbled words.
A bolt of poison appears from out of thin air!
The bolt of poison hits you!!
You are more poisoned.
You die...

##..# #..# .#.. .
##.## .#.####.
#####..#######.#.#...
...................>#
#####...#####..#.#..#
#..........#.#..#
###..####.##.#..#
##.<.....)@{Z.#
#..###.##.##.# ##.#
#.##... ./ #.#
#.###### ## #.# #.#
..# #.# ... #.# .#.
#.#


You could see a worker ant zombie.

Vanquished Creatures
  A two-headed ogre (D:8)
  Joseph (D:8)
  A sky beast (D:7)
  4 ogres
  3 ice beasts
  A centaur (D:6)
  2 big kobolds (D:7)
  5 bullfrogs
  A scorpion (D:4)
  A howler monkey (D:5)
  A crimson imp (D:5)
  A gnoll shaman (D:8)
  4 hounds
  An orc wizard (D:3)
  2 orc priests
  A bullfrog skeleton (D:4)
  2 iguanas
  5 worker ants
  A killer bee zombie (D:5)
  6 gnolls
  15 adders
  7 river rats (Sewer)
  3 shadow imps
  An ooze (Sewer)
  2 adder skeletons (D:4)
  2 worms
  2 leopard geckos
  13 orcs
  12 ball pythons
  A giant cockroach (D:1)
  4 goblins
  6 hobgoblins
  2 jackals (D:5)
  4 quokkas
  5 bats
  6 frilled lizards
  A jackal skeleton (D:5)
  12 kobolds
  A leopard gecko skeleton (D:4)
  A leopard gecko zombie (D:7)
  25 rats
169 creatures vanquished.

Vanquished Creatures (others)
  A kobold (D:6)
1 creature vanquished.

Grand Total: 170 creatures vanquished

Notes
Turn   | Place    | Note
-------+----------+-------------------------------------------
     0 | D:1      | Anathary the Demonspawn Gladiator began the quest for the
                  | Orb.
     0 | D:1      | Reached XP level 1. HP: 16/16 MP: 1/1
   299 | D:1      | Reached skill level 3 in Long Blades
   442 | D:1      | Gained mutation: You are partially covered in sharp spines.
                  | [demonic ancestry]
   442 | D:1      | Reached XP level 2. HP: 19/22 MP: 2/2
   732 | D:2      | Found a shattered altar of Ashenzari.
  1193 | D:2      | Gained mutation: You are surrounded by a mild repulsion
                  | field. (EV +2) [demonic ancestry]
  1193 | D:2      | Reached XP level 3. HP: 26/27 MP: 3/3
  1571 | D:2      | Found a radiant altar of Vehumet.
  1695 | D:3      | Gained mutation: You are surrounded by a moderate repulsion
                  | field. (EV +3) [demonic ancestry]
  1695 | D:3      | Reached XP level 4. HP: 20/34 MP: 4/4
  1703 | D:3      | Reached skill level 4 in Long Blades
  2131 | D:3      | Reached XP level 5. HP: 39/39 MP: 5/5
  2786 | D:4      | Reached skill level 1 in Stealth
  3073 | D:4      | Gained mutation: You are mostly covered in sharp spines.
                  | [demonic ancestry]
  3073 | D:4      | Reached XP level 6. HP: 46/46 MP: 6/6
  3224 | D:4      | Reached skill level 5 in Long Blades
  3310 | D:4      | Found a large runed translucent door.
  3310 | D:4      | Found a large runed translucent door.
  3312 | D:4      | Noticed anet's ghost (novice HaWz)
  3491 | D:4      | Found a shattered altar of Ashenzari.
  3491 | D:4      | Found a hazy altar of Hepliaklqana.
  3492 | D:4      | Found an opulent altar of Gozag.
  3645 | D:5      | Entered Level 5 of the Dungeon
  3714 | D:5      | Noticed an ice beast
  3735 | D:5      | Killed an ice beast
  3735 | D:5      | Reached XP level 7. HP: 33/52 MP: 7/7
  3843 | D:5      | Reached skill level 6 in Long Blades
  3978 | D:5      | Found a glowing drain.
  3988 | Sewer    | Entered a sewer
  4678 | D:6      | Gained mutation: You have a pair of small horns on your
                  | head. [demonic ancestry]
  4678 | D:6      | Reached XP level 8. HP: 60/60 MP: 8/8
  4709 | D:6      | Reached skill level 7 in Long Blades
  4916 | D:6      | Found an iron altar of Okawaru.
  5381 | D:7      | Reached skill level 5 in Dodging
  5437 | D:7      | Found a staircase to the Ecumenical Temple.
  5446 | Temple   | Entered the Ecumenical Temple
  5737 | D:7      | Reached skill level 8 in Long Blades
  5845 | D:7      | Found Eteuh's Distillery.
  6174 | D:7      | Reached skill level 5 in Fighting
  6646 | D:8      | Reached XP level 9. HP: 65/68 MP: 9/9
  6655 | D:8      | Noticed a two-headed ogre
  6666 | D:8      | Killed a two-headed ogre
  6666 | D:8      | Reached skill level 9 in Long Blades
  7008 | D:8      | Noticed Joseph
  7015 | D:8      | Killed Joseph
  7167 | D:8      | Noticed Erica
  7183 | D:8      | HP: 3/69 [poisoned by Erica (bolt of poison)]
  7183 | D:8      | Killed from afar by Erica

Levels and vault maps discovered:
D:1:      saegor_arrival_simple_e, layout_rooms, minmay_pentomino_p2
D:2:      layout_loops_ring, marbit_many_paths, evilmike_ruin_ashenzari
D:3:      layout_basic, minivault_11
D:4:      layout_gridville, gammafunk_temple_overflow_forgotten,
          ebering_ghost_disaster_area, first_ration
D:5:      layout_cave_pools, serial_bayou, serial_bayou_pond_d,
          serial_bayou_pond_d, serial_bayou_pond_d, serial_bayou_pond_b,
          cheibrodos_sewer_entry_bend
D:6:      layout_loops_cross, okawaru_altar_gauntlet_db
D:7:      minmay_evil_eye, layout_basic, minmay_temple_entry_stoned_glass,
          serial_shops, shop_fountains, grunt_ogre_cave
D:8:      layout_basic, lemuel_crystal_altar, gammafunk_ghost_smash, uniq_erica,
          uniq_joseph
Temple:   eino_temple_scatter_basement

Skill      XL: |  1  2  3  4  5  6  7  8  9 |
---------------+----------------------------+-----
Long Blades    | 3 4 5 6 8 9 |  9.4
Dodging        | 3 4 5 |  5.9
Stealth        | 1 2 3 4 |  4.5
Fighting       | 3 4 5 |  5.9
Throwing       | |  1.7

Action                   |  1- 3 |  4- 6 |  7- 9 || total
-------------------------+-------+-------+-------++-------
Melee: Long sword        |    67 |    88 |   230 ||   385
       Headbutt          |       |       |    45 ||    45
 Stab: Sleeping          |     1 |     4 |     6 ||    11
  Eat: Ration            |     1 |     2 |     3 ||     6
       Chunk             |       |       |     1 ||     1
Armor: Leather armour    |    19 |    13 |    23 ||    55
Dodge: Dodged            |    52 |    66 |   187 ||   305
       Rpst.: Long sword |    19 |    26 |    55 ||   100

Table legend:
 A = Non-vault XP
 B = Vault XP
 C = Vault XP percentage of total XP
 D = Non-vault monster count
 E = Vault monster count
 F = Vault count percentage of total count
                 A         B        C        D         E       F
            +---------+---------+-------+---------+---------+-------
      Total |    3255 |    1249 |  27.7 |     107 |      62 |  36.7
            +---------+---------+-------+---------+---------+-------
        D:1 |      12 |       0 |   0.0 |       8 |       0 |   0.0
        D:2 |      70 |       2 |   2.8 |      21 |       1 |   4.5
        D:3 |     127 |       0 |   0.0 |      12 |       0 |   0.0
        D:4 |     263 |       0 |   0.0 |      13 |       0 |   0.0
        D:5 |     483 |      94 |  16.3 |      12 |       3 |  20.0
        D:6 |     430 |      35 |   7.5 |       9 |       5 |  35.7
        D:7 |     535 |     335 |  38.5 |      20 |       4 |  16.7
        D:8 |    1335 |     412 |  23.6 |      12 |       1 |   7.7
      Sewer |       0 |     371 | 100.0 |       0 |      48 | 100.0
            +---------+---------+-------+---------+---------+-------
